 Dungeon Crawl Stone Soup version 0.27.1-4-g1640c2035a (webtiles) character file.

Game seed: 13976907227716628538

95 unlimited1921 the Vexing (level 4, -1/34 HPs)
             Began as a Gnoll Arcane Marksman on Nov 9, 2021.
             Slain by Ijyb (7 damage)
             ... on level 3 of the Dungeon.
             The game lasted 00:18:15 (2642 turns).

unlimited1921 the Vexing (Gnoll Arcane Marksman)    Turns: 2642, Time: 00:18:15

Health: -1/34      AC:  2    Str: 10    XL:     4   Next: 65%
Magic:  8/8        EV: 13    Int: 12    God:
Gold:   84         SH:  0    Dex: 13    Spells: 8/9 levels left

rFire    . . .     SeeInvis .   a - +0 hand crossbow
rCold    . . .     Faith    .   (no shield)
rNeg     . . .     Spirit   .   d - +0 robe
rPois    .         Reflect  .   (no helmet)
rElec    .         Harm     .   (no cloak)
rCorr    .         Rampage  .   (no gloves)
Will     .....                  (no boots)
Stlth    ++........             (no amulet)
HPRegen  0.11/turn              (no ring)
MPRegen  0.11/turn              (no ring)

@: no status effects
A: fangs 1, strong nose, distributed training
a: no special abilities


You were on level 3 of the Dungeon.
You visited 1 branch of the dungeon, and saw 3 of its levels.

You collected 84 gold pieces.

Inventory:

Hand Weapons
 a - a +0 hand crossbow (weapon)
 b - a +0 hand axe
 m - a +1 dagger of venom
 o - a +0 whip
 s - a +0 falchion
 t - a +0 morningstar
Missiles
 c - 5 bolts (quivered ammo)
 h - 43 arrows
 j - 66 stones
Armour
 d - a +0 robe (worn)
 g - a +0 ring mail
 i - a +0 tower shield
 u - a +0 leather armour
Scrolls
 f - a scroll of amnesia {unknown}
 l - a scroll of brand weapon {unknown}
 r - a scroll of immolation {unknown}
Potions
 e - a potion of ambrosia {unknown}
 k - a potion of mutation {unknown}
 n - a potion of brilliance {unknown}
 p - a potion of heal wounds {unknown}
 q - a potion of degeneration {unknown}


   Skills:
 + Level 2.8 Fighting
 + Level 1.2 Short Blades
 + Level 1.2 Long Blades
 + Level 1.2 Axes
 + Level 1.2 Maces & Flails
 + Level 1.2 Polearms
 + Level 1.2 Staves
 + Level 1.2 Slings
 + Level 1.2 Bows
 + Level 4.6 Crossbows
 + Level 1.2 Throwing
 + Level 1.2 Armour
 + Level 4.6 Dodging
 + Level 1.2 Stealth
 + Level 1.2 Shields
 + Level 1.2 Unarmed Combat
 + Level 3.0 Spellcasting
 + Level 1.0 Conjurations
 + Level 5.5 Hexes
 + Level 1.0 Summonings
 + Level 1.0 Necromancy
 + Level 1.0 Translocations
 + Level 1.0 Transmutations
 + Level 1.0 Fire Magic
 + Level 1.0 Ice Magic
 + Level 1.0 Air Magic
 + Level 1.0 Earth Magic
 + Level 1.0 Poison Magic
 + Level 1.3 Invocations
 + Level 1.2 Evocations


You had 8 spell levels left.
You knew the following spells:

 Your Spells              Type           Power      Damage    Failure   Level
a - Corona                Hex            16%        N/A       2%          1

Your spell library contained the following spells:

 Spells                   Type           Power      Damage    Failure   Level
 Slow                     Hex            15%        N/A       3%          2
 Summon Small Mammal      Summ           16%        N/A       16%         1
 Inner Flame              Hex/Fire       9%         N/A       19%         3
 Portal Projectile        Hex/Tloc       18%        N/A       19%         3
 Summon Guardian Golem    Hex/Summ       9%         N/A       19%         3
 Cause Fear               Hex            7%         N/A       26%         4
 Call Canine Familiar     Summ           4%         N/A       43%         3


Dungeon Overview and Level Annotations

Branches:
Dungeon (3/15)

Altars:

Shops:
D:2 !

Annotations:
D:3 Ijyb


Innate Abilities, Weirdness & Mutations

You have very sharp teeth.
Your uncanny sense of smell can sniff out nearby items.
Your experience applies equally to all skills.


Message History

Ijyb hits you with a +5 dagger of flaming.
Ijyb burns you.
You shoot a bolt. The bolt closely misses Ijyb.
Your transformation is almost over.
Ijyb hits you but does no damage. Ijyb screams, "I cut your head off!"
Ijyb hits you but does no damage.
You shoot a bolt. The bolt barely misses Ijyb.
Ijyb barely misses you.
You shoot a bolt. The bolt hits Ijyb but does no damage.
Ijyb is severely wounded.
Ijyb screams, "Level is mine!
All mine!"
Ijyb hits you with a +5 dagger of flaming.
Ijyb burns you.
You shoot a bolt. The bolt hits Ijyb.
Ijyb is almost dead.
Ijyb hits you but does no damage.
Ijyb hits you with a +5 dagger of flaming.
Ijyb burns you.
You shoot a bolt. The bolt closely misses Ijyb.
The worm bites you but does no damage. Ijyb hits you but does no damage.
You shoot a bolt. The bolt hits Ijyb but does no damage.
Ijyb is almost dead.
Ijyb hits you but does no damage. The worm bites you but does no damage.
You shoot a bolt. The bolt barely misses Ijyb.
Ijyb hits you but does no damage.
Ijyb hits you with a +5 dagger of flaming.
Ijyb burns you. The worm bites you but does no damage.
You are too injured to fight recklessly!
You are too injured to fight recklessly!
You are too injured to fight recklessly!
You are too injured to fight recklessly!
You are too injured to fight recklessly!
You are too injured to fight recklessly!
Ijyb zaps a wand.
You resist with some effort.
You feel less wooden.
Your +0 robe unmelds from your body.
The worm bites you!
* * * LOW HITPOINT WARNING * * *
Ijyb closely misses you.
Ijyb hits you with a +5 dagger of flaming!
You die...

#...########[##
#...# #.#
#####.## #.###
#...†.# #.... ##
#.###.# #####
.((##.###.######
#((...........#
#.#g#w#.<#.##.#
#...@....# .B
......(.....#
#.#
.###..(#.##.# #
#(..#.. .(.
#(...###..###
#.#.. ... #.##.
.. . .. ...


You could see Ijyb and a worm.

Vanquished Creatures
  2 adders
  2 worms (D:2)
  A dart slug (D:2)
  4 orcs
  4 ball pythons
  8 bats
  3 endoplasms
  4 giant cockroaches
  5 goblins
  3 hobgoblins
  6 jackals
  3 kobolds
  4 quokkas
  2 frilled lizards
  9 rats
60 creatures vanquished.

Notes
Turn   | Place    | Note
-------+----------+-------------------------------------------
     0 | D:1      | unlimited1921 the Gnoll Arcane Marksman began the quest for
                  | the Orb.
     0 | D:1      | Reached XP level 1. HP: 17/17 MP: 4/4
   269 | D:1      | Reached XP level 2. HP: 23/23 MP: 5/5
   592 | D:1      | Reached XP level 3. HP: 28/28 MP: 7/7
   807 | D:2      | Found Jinualech's Distillery.
   920 | D:2      | Reached skill level 1 in Invocations
  1060 | D:2      | Found a faded altar of an unknown god.
  1135 | D:2      | Reached skill level 1 in Short Blades
  1135 | D:2      | Reached skill level 1 in Long Blades
  1135 | D:2      | Reached skill level 1 in Axes
  1135 | D:2      | Reached skill level 1 in Maces & Flails
  1135 | D:2      | Reached skill level 1 in Polearms
  1135 | D:2      | Reached skill level 1 in Staves
  1135 | D:2      | Reached skill level 1 in Slings
  1135 | D:2      | Reached skill level 1 in Bows
  1135 | D:2      | Reached skill level 1 in Throwing
  1135 | D:2      | Reached skill level 1 in Armour
  1135 | D:2      | Reached skill level 1 in Stealth
  1135 | D:2      | Reached skill level 1 in Shields
  1135 | D:2      | Reached skill level 1 in Unarmed Combat
  1135 | D:2      | Reached skill level 1 in Evocations
  1135 | D:2      | Reached XP level 4. HP: 34/34 MP: 6/8
  2160 | D:2      | Reached skill level 1 in Conjurations
  2160 | D:2      | Reached skill level 1 in Summonings
  2160 | D:2      | Reached skill level 1 in Necromancy
  2160 | D:2      | Reached skill level 1 in Translocations
  2160 | D:2      | Reached skill level 1 in Transmutations
  2160 | D:2      | Reached skill level 1 in Fire Magic
  2160 | D:2      | Reached skill level 1 in Ice Magic
  2160 | D:2      | Reached skill level 1 in Air Magic
  2160 | D:2      | Reached skill level 1 in Earth Magic
  2160 | D:2      | Reached skill level 1 in Poison Magic
  2430 | D:3      | Noticed Ijyb
  2642 | D:3      | Slain by Ijyb

Illustrated notes

Levels and vault maps discovered:
D:1:      psy_arrival_conway, layout_basic, minmay_rat_gold_closets
D:2:      layout_rooms, serial_shops, nicolae_diamond_shop,
          shapermc_ecumenical_altar_venn, minmay_misc_feat_tiny, st_stairs_3
D:3:      layout_loops_cross, serial_shops, nicolae_shop_behind_doors,
          ebering_ghost_reflecting_pool, uniq_ijyb

Skill      XL: |  1  2  3  4 |
---------------+-------------+-----
Invocations    | 1 |  1.3
Short Blades   | 1 |  1.2
Long Blades    | 1 |  1.2
Axes           | 1 |  1.2
Maces & Flails | 1 |  1.2
Polearms       | 1 |  1.2
Staves         | 1 |  1.2
Slings         | 1 |  1.2
Bows           | 1 |  1.2
Throwing       | 1 |  1.2
Armour         | 1 |  1.2
Stealth        | 1 |  1.2
Shields        | 1 |  1.2
Unarmed Combat | 1 |  1.2
Evocations     | 1 |  1.2
Spellcasting   | 3 |  3.0
Conjurations   | 1 |  1.0
Summonings     | 1 |  1.0
Necromancy     | 1 |  1.0
Translocations | 1 |  1.0
Transmutations | 1 |  1.0
Fire Magic     | 1 |  1.0
Ice Magic      | 1 |  1.0
Air Magic      | 1 |  1.0
Earth Magic    | 1 |  1.0
Poison Magic   | 1 |  1.0
Fighting       | |  2.8
Crossbows      | |  4.6
Dodging        | |  4.6
Hexes          | |  5.5

Action                   |  1- 3 |  4- 6 || total
-------------------------+-------+-------++-------
Melee: Dagger            |       |     1 ||     1
 Fire: Hand crossbow     |    81 |    75 ||   156
 Cast: Corona            |    22 |    27 ||    49
Armor: Robe              |     7 |     6 ||    13
       Skin              |       |    12 ||    12
Dodge: Dodged            |    15 |    35 ||    50
